 Dungeon Crawl Stone Soup version 0.30-a0-718-geaa24f58ff (webtiles) character file.

Game seed: 2048812397984342342

1092 lesbiats the Conjurer (level 8, -3/67 HPs)
             Began as a Black Draconian Conjurer on Jan 26, 2023.
             Was a Priest of Jiyva.
             Slain by an orc warrior
             ... wielding a +0 halberd
              (13 damage)
             ... on level 6 of the Dungeon.
             The game lasted 00:18:13 (5692 turns).

lesbiats the Conjurer (Black Draconian Conjurer)    Turns: 5692, Time: 00:18:14

Health: -3/67      AC:  8    Str:  9    XL:     8   Next: 9%
Magic:  10/15      EV: 13    Int: 20    God:    Jiyva [***...]
Gold:   242        SH:  0    Dex: 11    Spells: 14/17 levels left

rFire   . . .      SeeInvis .    w - +2 whip (flame)
rCold   . . .      Faith    .    (no shield)
rNeg    . . .      Spirit   .    (body armour unavailable)
rPois   .          Reflect  .    (helmet restricted)
rElec   +          Harm     .    j - +0 cloak
rCorr   +          Rampage  .    b - +0 pair of gloves
Will    .....                    (no boots)
Stlth   ++                       (no amulet)
HPRegen 1.43/turn                (no ring)
MPRegen 0.49/turn                (no ring)

@: no status effects
A: breathe lightning, AC +6, unfitting armour, electricity resistance,
cold-blooded
a: Breathe Lightning, Renounce Religion, Oozemancy


You were on level 6 of the Dungeon.
You worshipped Jiyva.
Jiyva was most pleased with you.
You visited 1 branch of the dungeon, and saw 6 of its levels.
You also visited: Sewer.

You collected 242 gold pieces.

Inventory:

Hand Weapons
 e - a +0 club
 t - a +0 mace of protection
 w - a +2 whip of flaming (weapon)
Missiles
 f - 3 poisoned darts
 u - 3 atropa-tipped darts
Armour
 b - a +0 pair of gloves (worn)
 j - a +0 cloak (worn)
 v - a scarf of shadows
Wands
 l - a wand of mindburst (11)
Scrolls
 g - a scroll of magic mapping {unknown}
 i - 3 scrolls of teleportation
 k - a scroll of blinking {unknown}
 m - a scroll of acquirement {unknown}
 s - a scroll of vulnerability {unknown}
Potions
 a - 2 potions of magic
 d - 3 potions of curing
 h - 2 potions of haste
 n - 2 potions of ambrosia
 o - 2 potions of heal wounds {unknown}
 p - 2 potions of invisibility
 q - a potion of resistance {unknown}
 r - a potion of cancellation {unknown}


   Skills:
 + Level 4.4 Fighting
 + Level 4.1 Dodging
 - Level 1.7 Stealth
 + Level 5.0 Spellcasting
 * Level 6.6 Conjurations


You had 14 spell levels left.
You knew the following spells:

 Your Spells              Type           Power      Damage    Failure   Level
a - Magic Dart            Conj           100%       1d8       1%          1
b - Searing Ray           Conj           62%        2d6       1%          2

Your spell library contained the following spells:

 Spells                   Type           Power      Damage    Failure   Level
 Kiss of Death            Conj/Necr      72%        2d10      3%          1
 Dazzling Flash           Conj/Hex       36%        N/A       9%          3
 Ensorcelled Hibernation  Hex/Ice        10%        N/A       17%         2
 Fulminant Prism          Conj/Hex       9%         3d7       28%         4
 Iskenderun's Mystic Bla  Conj/Tloc      18%        2d6       28%         4
 Confusing Touch          Hex            5%         N/A       34%         3
 Ozocubu's Armour         Ice            5%         N/A       34%         3
 Spider Form              Tmut/Pois      5%         N/A       34%         3
 Anguish                  Hex/Necr       2%         N/A       75%         4
 Dispel Undead            Necr           5%         3d7       75%         4
 Ozocubu's Refrigeration  Ice            2%         4d8       100%        7


Dungeon Overview and Level Annotations

Branches:
Dungeon (6/15)             Temple (0/1) D:5           Sewer (visited)

Altars:
Dithmenos
Makhleb

Shops:
D:4 =   D:6 *


Innate Abilities, Weirdness & Mutations

You can breathe wild blasts of lightning.
Your glossy black scales are hard. (AC +6)
You cannot fit into any form of body armour.
You are resistant to electric shocks. (rElec)
You are cold-blooded and may be slowed by cold attacks.


Message History

The orc warrior misses you.
You hit the orc warrior but do no damage.
The orc warrior is heavily wounded.
The orc warrior hits you with a +0 halberd.
Casting: Magic Dart (safe; 1% risk of failure)
Confirm with . or Enter, or press ? or * to list all spells.
Aiming: Searing Ray (safe; 1% risk of failure)
Press: ? - help, Shift-Dir - straight line, f/p - orc warrior
Aim: an orc warrior, wielding a +0 halberd and wearing a +0 plate armour (heavily wounded, 79% to hit)
The searing ray hits the orc warrior.
The orc warrior is severely wounded. (Press . to maintain the ray.)
The orc warrior hits you but does no damage.
The searing ray hits the orc warrior!
The orc warrior is almost dead.
The orc warrior hits you with a +0 halberd!
* * * LOW HITPOINT WARNING * * *
The searing ray hits the orc warrior but does no damage.
The orc warrior is almost dead.
The orc warrior hits you with a +0 halberd!
* * * LOW HITPOINT WARNING * * *
The searing ray misses the orc warrior.
You finish channelling your searing ray.
The orc warrior hits you but does no damage.
You feel better. The orc warrior misses you.
Casting: Searing Ray (safe; 1% risk of failure)
Confirm with . or Enter, or press ? or * to list all spells.
Aiming: Searing Ray (safe; 1% risk of failure)
Press: ? - help, Shift-Dir - straight line, f/p - orc warrior
Aim: an orc warrior, wielding a +0 halberd and wearing a +0 plate armour (almost dead, 79% to hit)
The searing ray hits the orc warrior.
The orc warrior is almost dead. (Press . to maintain the ray.)
The orc warrior hits you with a +0 halberd!
* * * LOW HITPOINT WARNING * * *
The searing ray misses the orc warrior.
The orc warrior completely misses you.
The searing ray hits the orc warrior but does no damage.
The orc warrior is almost dead.
The orc warrior hits you with a +0 halberd!
You die...

########...
###o@........
##...##......#
##..###
####### ##..##
### ##..## ..#
#...# ..##
#..## ...#
#...# ...##
##..#########.


You could see an orc warrior.

Vanquished Creatures
  Pikel (D:4)
  A black bear (D:5)
  3 lemures (D:4)
  A phantom (D:4)
  A necrophage (D:6)
  3 jellies (Sewer)
  A hound (D:4)
  Crazy Yiuf (D:4)
  An iguana (D:5)
  An orc wizard (D:4)
  4 river rats (Sewer)
  3 adders
  A white imp (D:5)
  2 worms
  5 dart slugs
  4 orcs
  7 ball pythons
  9 bats
  13 endoplasms
  10 giant cockroaches
  4 goblins
  5 hobgoblins
  A jackal (D:4)
  4 quokkas (D:3)
  12 frilled lizards
  4 kobolds
  7 rats
109 creatures vanquished.

Vanquished Creatures (others)
  A centaur (D:5)
  A hound (D:6)
  An orc priest (D:6)
  An orc wizard (D:6)
  A worm (D:4)
  2 endoplasms (D:4)
  2 jackals (D:4)
9 creatures vanquished.

Grand Total: 118 creatures vanquished

Notes
Turn   | Place    | Note
-------+----------+-------------------------------------------
     0 | D:1      | lesbiats the Draconian Conjurer began the quest for the
                  | Orb.
     0 | D:1      | Reached XP level 1. HP: 14/14 MP: 3/3
   242 | D:1      | Reached XP level 2. HP: 9/22 MP: 0/5
   300 | D:1      | Learned a level 2 spell: Searing Ray
   804 | D:1      | Reached skill level 1 in Fighting
   980 | D:1      | Reached XP level 3. HP: 28/28 MP: 3/6
  2790 | D:3      | Found a burning altar of Makhleb.
  2790 | D:3      | Noticed a cacodemon
  2794 | D:3      | Noticed a hellwing
  2794 | D:3      | Noticed a neqoxec
  2899 | D:3      | Reached XP level 4. HP: 35/35 MP: 5/8
  2901 | D:3      | Found a glowing drain.
  2955 | Sewer    | Entered a sewer
  3468 | Sewer    | Reached XP level 5. HP: 41/41 MP: 1/10
  3719 | Sewer    | Found a viscous altar of Jiyva.
  3735 | Sewer    | Became a worshipper of Jiyva Jeuwkaj the Shapeless
  4086 | D:3      | Reached * piety under Jiyva
  4395 | D:3      | Found a shadowy altar of Dithmenos.
  4571 | D:4      | Reached XP level 6. HP: 50/50 MP: 8/11
  4626 | D:4      | Reached skill level 5 in Conjurations
  4740 | D:4      | Noticed Pikel
  4788 | D:4      | Reached ** piety under Jiyva
  4818 | D:4      | Killed Pikel
  4819 | D:4      | Reached skill level 6 in Conjurations
  4819 | D:4      | Your scales start taking on a glossy black colour.
  4819 | D:4      | Reached XP level 7. HP: 51/59 MP: 5/14
  4819 | D:4      | Gained mutation: You are resistant to electric shocks.
                  | (rElec) [Black Draconian growth]
  4899 | D:4      | Found Rufiwil's Jewellery Shop.
  5069 | D:4      | Found a runed translucent door.
  5070 | D:4      | Noticed Crazy Yiuf
  5078 | D:4      | Killed Crazy Yiuf
  5118 | D:5      | Entered Level 5 of the Dungeon
  5208 | D:5      | You fall into a shaft and drop 1 floor!
  5208 | D:6      | Found Ixaux's General Store.
  5318 | D:5      | Found a staircase to the Ecumenical Temple.
  5338 | D:5      | Reached skill level 5 in Spellcasting
  5388 | D:5      | Reached *** piety under Jiyva
  5582 | D:6      | Reached XP level 8. HP: 67/67 MP: 11/15
  5692 | D:6      | Slain by an orc warrior

Illustrated notes

Levels and vault maps discovered:
D:1:      lightli_arrival_statuegarden, layout_basic
D:2:      layout_basic
D:3:      layout_basic, lemuel_coloured_pillars_altar,
          makhleb_altar_promises_db, portal_sewer_entry_f, kennysheep_donut
D:4:      layout_rooms, serial_shops, shop_statue, uniq_pikel,
          uniq_crazy_yiuf_cottage
D:5:      layout_cave_pools, temple_fountains
D:6:      layout_layer_cave, gammafunk_temple_overflow_forgotten,
          gammafunk_ghost_necromancy, serial_shops, nicolae_stop_n_shop_2

Skill      XL: |  1  2  3  4  5  6  7 |
---------------+----------------------+-----
Dodging        | 2 3 4 |  4.1
Fighting       | 1 2 4 |  4.4
Spellcasting   | 3 4 5 |  5.0
Conjurations   | 6 |  6.6
Stealth        | |  1.7

Action                     |  1- 3 |  4- 6 |  7- 9 || total
---------------------------+-------+-------+-------++-------
  Melee: Club              |    14 |    14 |       ||    28
         Dagger            |     2 |       |       ||     2
         Tailslap          |     1 |     4 |     6 ||    11
         Whip              |       |       |    23 ||    23
  Throw: Dart              |     3 |       |       ||     3
   Cast: Magic Dart        |    79 |    92 |    37 ||   208
         Searing Ray       |     5 |    13 |     7 ||    25
Ability: Breathe Lightning |       |       |     1 ||     1
    Use: Potion            |       |     2 |     1 ||     3
         Scroll            |       |       |     4 ||     4
 Armour: Skin              |    17 |    30 |    15 ||    62
  Dodge: Dodged            |    18 |    65 |    53 ||   136

Table legend: (Time is in decaauts)
 A = Elapsed time spent in this place.
 B = Non-inter-level travel time spent in this place.
 C = Inter-level travel time spent in this place.
 D = Time resting spent in this place.
 E = Time spent auto-exploring this place.
 F = Levels seen in this place.
 G = Mean time per level.
                   A        B        C        D        E       F      G
               +--------+--------+--------+--------+--------+-----+--------+
         Total |   5726 |   5384 |    342 |    925 |   3627 |   7 |  818.0 |
       Dungeon |   4864 |   4522 |    342 |    549 |   3304 |   6 |  810.7 |
         Sewer |    861 |    861 |      0 |    376 |    323 |   1 |  861.0 |
               +--------+--------+--------+--------+--------+-----+--------+

Top non-repeatable levels by time:
     D:2: 1383 daAuts
     D:1: 1323 daAuts
     D:3: 977 daAuts
   Sewer: 861 daAuts
     D:4: 603 daAuts
     D:5: 441 daAuts
     D:6: 135 daAuts
